 Dungeon Crawl Stone Soup version 0.24-a0-630-g0d56a851f4 (webtiles) character file.

Game seed: 9653389103285799762, levelgen mode: deterministic

17241 Marnok the Carver (level 12, -7/107 HPs)
             Began as a Minotaur Fighter on Sept 20, 2019.
             Was a Priest of Wu Jian.
             Mangled by a six-headed hydra (13 damage)
             ... on level 12 of the Dungeon.
             The game lasted 00:51:45 (12337 turns).

Marnok the Carver (Minotaur Fighter)               Turns: 12337, Time: 00:51:45

Health: -7/107     AC: 12    Str: 23    XL:     12   Next: 17%
Magic:  11/11      EV: 16    Int:  5    God:    Wu Jian [***...]
Gold:   681        SH: 16    Dex: 16    Spells: 11/11 levels left

rFire    + . .     SeeInvis .   i - +2 dagger (flame)
rCold    . . .     Gourm    .   c - +3 shield
rNeg     . . .     Faith    .   y - +0 scale mail {MR+}
rPois    .         Spirit   .   D - +1 hat {MR+}
rElec    +         Reflect  .   j - +0 cloak
rCorr    .         Harm     .   g - +0 pair of gloves
MR       ++...     Clarity  +   (no boots)
Stlth    +.........             (no amulet)
HPRegen  0.27/turn              (no ring)
MPRegen  0.12/turn              F - ring of protection from fire

@: agile, glowing, drained, heavenly storm
A: retaliatory headbutt, horns 2, clarity, electricity resistance, weak 1, wild
magic 1
a: Wall Jump, Serpent's Lash, Renounce Religion


You were on level 12 of the Dungeon.
You worshipped Wu Jian.
Wu Jian was most pleased with you.
You were near starving.

You visited 1 branch of the dungeon, and saw 13 of its levels.
You also visited: Ossuary.

You collected 681 gold pieces.

Inventory:

Hand Weapons
 a - a +4 long sword
 i - a +2 dagger of flaming (weapon)
 o - a +5 war axe of chopping
 w - a +0 dagger of holy wrath
Missiles
 s - 4 boomerangs (quivered)
 t - 3 atropa-tipped darts
 M - 2 silver boomerangs
Armour
 c - a +3 shield (worn)
 g - a +0 pair of gloves (worn)
 j - a +0 cloak (worn)
 m - the +1 leather armour of Juep {rC+++}
   (You found it on level 12 of the Dungeon)

   It renders you almost immune to cold.
 q - a +1 scale mail of poison resistance
 y - a +0 scale mail of magic resistance (worn)
 D - a +1 hat of magic resistance (worn)
Magical Staves
 u - a cursed staff of poison {unknown}
 J - an uncursed staff of fire {unknown}
Jewellery
 F - a ring of protection from fire (right hand)
Wands
 b - a wand of clouds (6)
 e - a wand of polymorph (10)
 r - a wand of flame (12)
 B - a wand of acid (10)
Scrolls
 k - 4 scrolls of magic mapping
 l - 2 scrolls of fog
 p - 6 scrolls of remove curse
 x - 4 scrolls of amnesia
 K - 2 scrolls of identify
 N - a scroll of enchant weapon
Potions
 h - 2 potions of agility
 n - 2 potions of lignification
 z - a potion of flight
Miscellaneous
 H - a lightning rod (4/4)
Comestibles
 d - 2 chunks of flesh
 f - 20 rations


   Skills:
 + Level 10.5(9.8) Fighting
 + Level 3.5(8.2) Short Blades
 + Level 13.4(12.8) Long Blades
 + Level 11.6(10.8) Armour
 + Level 3.3(2.7) Dodging
 + Level 1.4(0.8) Stealth
 + Level 11.9(11.2) Shields


You had 11 spell levels left.
You didn't know any spells.
Your spell library contained the following spells:

 Spells                   Type           Power        Failure   Level  Hunger
 Apportation              Tloc           #.....       92%         1    ##.....
 Infusion                 Chrm           #...         92%         1    ##.....
 Summon Butterflies       Summ           #.......     92%         1    ##.....
 Passwall                 Tmut/Erth      #.......     97%         2    ###....
 Shroud of Golubria       Chrm/Tloc      #.....       97%         2    ###....
 Song of Slaying          Chrm           #.......     97%         2    ###....
 Swiftness                Chrm/Air       #.......     97%         2    ###....
 Lesser Beckoning         Tloc           #.........   100%        3    ####...
 Regeneration             Chrm/Necr      #.........   100%        3    ####...
 Spectral Weapon          Hex/Chrm       #.......     100%        3    ####...
 Tukima's Dance           Hex            #.......     100%        3    ####...
 Passage of Golubria      Tloc           N/A          100%        4    #####..
 Alistair's Intoxication  Tmut/Pois      #.......     100%        5    ######.
 Lee's Rapid Deconstruct  Erth           #.........   100%        5    ######.
 Darkness                 Hex            #.........   100%        6    #######
 Invisibility             Hex            #.......     100%        6    #######


Dungeon Overview and Level Annotations

Branches:
Dungeon (13/15)            Temple (0/1) D:4            Lair (0/6) D:10
    Orc (0/2) D:10        Ossuary (visited)
 Vaults: D:13-14

Altars:
Ashenzari
Dithmenos
Elyvilon
Sif Muna
Trog
Vehumet
Wu Jian
Xom

Annotations:
D:5 5 runed translucent doors
D:6 Dowan
D:9 Maurice
D:10 3 runed translucent doors, bmj180's ghost, journeyman HOFi


Innate Abilities, Weirdness & Mutations

You reflexively headbutt those who attack you in melee.
You have a pair of horns on your head.
You possess an exceptional clarity of mind.
You are resistant to electric shocks. (rElec)
You are weak. (Str -2)
Your spells are a little harder to cast, but a little more powerful.


Message History

* * * LOW HITPOINT WARNING * * *
You block the six-headed hydra's attack. x2
The hungry ghost closely misses you. You furiously retaliate!
You headbutt the hungry ghost.
Aiming: Wall Jump
Press: ? - help, Dir - move target cursor You have no room to wall jump there.
You have no room to wall jump there.
You have no room to wall jump there.
The air is filled with shimmering golden clouds!
Sifu Gene Jian Bin says: The storm will not cease as long as you keep fighting, disciple!
You can no longer summon a storm of heavenly clouds.
An unseen horror comes into view.
The unseen horror completely misses you.
The six-headed hydra closely misses you.
You furiously retaliate!
You headbutt the six-headed hydra!
You block the six-headed hydra's attack. x2
The six-headed hydra bites you but does no damage. x2
The six-headed hydra bites you!
You die... . ._ ##.## .DW

.....§###############.#
.....§W@Du.u.{=..H....##
##.#.§x##########W......
#.§§ .........##### #.##
#######..# ## #..#
#####..# #......# ##
#####.## +. ##.#


You could see a six-headed hydra, a cyan ugly thing, an unseen horror
(invisible) and a hungry ghost.

Vanquished Creatures
  Gastronok (D:8)
  5 two-headed ogres
  Urug (D:11)
  Pikel (D:8)
  An ugly thing (D:11)
  A cyclops (D:11)
  A kobold demonologist (D:12)
  2 hornets
  3 hippogriffs
  A wyvern (D:12)
  A steam dragon (D:11)
  8 yaks (D:11)
  2 hungry ghosts (D:7)
  A vampire (D:9)
  3 wargs (D:10)
  A soldier ant (D:11)
  4 ice beasts
  4 black bears
  3 sky beasts
  9 orc warriors
  A hornet zombie (D:9)
  5 ogres
  A necrophage (D:7)
  2 phantoms
  2 eyes of draining (D:12)
  9 centaurs
  A big kobold (D:9)
  5 bullfrogs
  11 scorpions
  9 killer bees
  An electric eel (D:8)
  5 wights (D:7)
  6 howler monkeys
  4 centaur zombies (Ossuary)
  2 bullfrog zombies
  5 crimson imps
  A quasit (D:5)
  5 hounds
  3 human zombies (Ossuary)
  3 bullfrog skeletons
  2 jellies
  8 orc priests
  Jessica (D:3)
  8 worker ants
  6 iguanas
  9 orc wizards
  A big kobold zombie (Ossuary)
  A hound zombie (D:8)
  3 mummies (Ossuary)
  A hound skeleton (D:4)
  A scorpion zombie (Ossuary)
  3 worker ant zombies
  13 adders
  A shadow imp (D:9)
  4 dart slugs
  4 leopard geckos
  34 orcs
  7 bats
  8 giant cockroaches
  8 goblins
  3 hobgoblins
  A jackal (D:7)
  7 kobolds
  3 quokkas
  3 ball pythons
  9 frilled lizards
  2 gnoll zombies (Ossuary)
  A hobgoblin zombie (Ossuary)
  3 kobold zombies (Ossuary)
  3 orc zombies (Ossuary)
  4 rats
296 creatures vanquished.

Notes
Turn   | Place    | Note
-------+----------+-------------------------------------------
     0 | D:1      | Marnok the Minotaur Fighter began the quest for the Orb.
     0 | D:1      | Reached XP level 1. HP: 19/19 MP: 0/0
   129 | D:1      | Reached XP level 2. HP: 22/27 MP: 1/1
   297 | D:2      | Found a shimmering blue altar of Sif Muna.
   297 | D:2      | Found a shadowy altar of Dithmenos.
   849 | D:2      | Reached skill level 3 in Long Blades
   910 | D:2      | Reached XP level 3. HP: 33/33 MP: 2/2
  1029 | D:2      | Found a bloodstained altar of Trog.
  1039 | D:2      | Found a white marble altar of Elyvilon.
  1039 | D:2      | Found an ornate altar of the Wu Jian Council.
  1041 | D:2      | Found a shattered altar of Ashenzari.
  1041 | D:2      | Found a shimmering altar of Xom.
  1044 | D:2      | Found a radiant altar of Vehumet.
  1083 | D:2      | Became a worshipper of the Wu Jian Council
  1298 | D:3      | Noticed Jessica
  1304 | D:3      | Killed Jessica
  1304 | D:3      | Reached XP level 4. HP: 36/40 MP: 3/3
  1549 | D:3      | Reached skill level 4 in Long Blades
  1549 | D:3      | Reached XP level 5. HP: 33/47 MP: 4/4
  1744 | D:4      | Reached skill level 5 in Shields
  1765 | D:4      | Found a sand-covered staircase.
  1770 | Ossuary  | Entered an ossuary
  1787 | Ossuary  | Reached skill level 1 in Dodging
  1808 | Ossuary  | Reached * piety under Wu Jian
  1842 | Ossuary  | Reached XP level 6. HP: 54/55 MP: 5/5
  2117 | Ossuary  | Reached skill level 5 in Fighting
  2128 | Ossuary  | Reached skill level 1 in Short Blades
  2128 | Ossuary  | Reached skill level 5 in Long Blades
  2128 | Ossuary  | Reached skill level 5 in Armour
  2188 | Ossuary  | Reached XP level 7. HP: 57/61 MP: 6/6
  2979 | D:4      | Found a staircase to the Ecumenical Temple.
  2984 | D:4      | Reached ** piety under Wu Jian
  3007 | D:5      | Entered Level 5 of the Dungeon
  3302 | D:5      | Gained mutation: You possess an exceptional clarity of
                  | mind. [potion of mutation]
  3302 | D:5      | Gained mutation: You are weak. (Str -2) [potion of
                  | mutation]
  3302 | D:5      | Gained mutation: You are resistant to electric shocks.
                  | (rElec) [potion of mutation]
  3302 | D:5      | Gained mutation: Your spells are a little harder to cast,
                  | but a little more powerful. [potion of mutation]
  3336 | D:5      | Reached XP level 8. HP: 62/68 MP: 7/7
  3393 | D:5      | Found a runed translucent gate.
  3393 | D:5      | Found a runed translucent gate.
  3400 | D:5      | Found a runed translucent door.
  3409 | D:5      | Found the +9 staff of Olgreb {rPois}
  3412 | D:5      | Found a runed translucent door.
  3531 | D:5      | Found a runed translucent gate.
  3961 | D:6      | You fall into a shaft and drop 2 floors!
  3986 | D:8      | Noticed a two-headed ogre
  4005 | D:8      | Killed a two-headed ogre
  4005 | D:8      | Reached skill level 7 in Long Blades
  4006 | D:8      | Reached XP level 9. HP: 28/75 MP: 8/8
  4496 | D:8      | Noticed Gastronok
  4787 | D:9      | Reached skill level 8 in Long Blades
  4902 | D:9      | Noticed a two-headed ogre
  5389 | D:9      | Killed a two-headed ogre
  5389 | D:9      | Reached skill level 9 in Long Blades
  5606 | D:9      | Reached XP level 10. HP: 63/88 MP: 9/9
  5879 | D:9      | Noticed Maurice
  5971 | D:10     | Entered Level 10 of the Dungeon
  5976 | D:10     | Found a staircase to the Orcish Mines.
  6413 | D:10     | Found a staircase to the Lair.
  6549 | D:9      | Reached skill level 10 in Armour
  6853 | D:9      | Reached skill level 10 in Long Blades
  7169 | D:8      | Reached *** piety under Wu Jian
  7520 | D:8      | Noticed Pikel
  7529 | D:8      | Killed Pikel
  7529 | D:8      | Reached skill level 10 in Shields
  7616 | D:6      | Noticed Dowan
  8050 | D:7      | Reached skill level 11 in Long Blades
  8099 | D:7      | Got a brightly glowing helmet
  8109 | D:7      | Got a smoking helmet
  8177 | D:7      | Reached XP level 11. HP: 62/95 MP: 10/10
  8501 | D:7      | Reached **** piety under Wu Jian
  8617 | D:7      | Identified the cursed +1 whip of Evolution {elec, Dex+3}
  8788 | D:8      | Killed Gastronok
  8972 | D:8      | Reached skill level 12 in Long Blades
  9404 | D:10     | Found a runed translucent gate.
  9404 | D:10     | Found a runed translucent gate.
  9406 | D:10     | Found a runed translucent gate.
  9409 | D:10     | Noticed bmj180's ghost (journeyman HOFi)
 10249 | D:11     | Noticed a two-headed ogre
 10250 | D:11     | Noticed Urug
 10256 | D:11     | Killed a two-headed ogre
 10281 | D:11     | HP: 4/99 [Urug/+5 war axe of chopping (6)]
 10324 | D:11     | Killed Urug
 10324 | D:11     | Reached skill level 10 in Fighting
 10814 | D:11     | Reached ***** piety under Wu Jian
 10910 | D:11     | Noticed a white ugly thing
 10931 | D:11     | Killed a white ugly thing
 11299 | D:11     | Reached skill level 1 in Stealth
 11316 | D:12     | Noticed a two-headed ogre
 11327 | D:11     | Killed a two-headed ogre
 11327 | D:11     | Reached skill level 13 in Long Blades
 11506 | D:12     | Reached XP level 12. HP: 102/107 MP: 11/11
 11518 | D:12     | Noticed a two-headed ogre
 11527 | D:12     | Killed a two-headed ogre
 12165 | D:12     | Got a crude leather armour
 12182 | D:12     | Identified the +1 leather armour of Juep {rC+++} (You found
                  | it on level 12 of the Dungeon)
 12215 | D:12     | Noticed a four-headed hydra
 12319 | D:12     | Found a white marble altar of Elyvilon.
 12320 | D:12     | Noticed a five-headed hydra
 12337 | D:12     | Mangled by a six-headed hydra

Levels and vault maps discovered:
D:1:      dpeg_arrival_oval, layout_loops_ring
D:2:      layout_basic, grunt_temple_overflow_open
D:3:      layout_basic, bh_walls_and_bars, uniq_jessica
D:4:      layout_cave_pools, minmay_temple_entry_large_hall, enter_ossuary_2,
          first_ration, chequers_serial_rivers_marsh
D:5:      layout_loops_cross, minmay_guarded_unrand_staff_of_olgreb
D:6:      layout_cave_pools, uniq_duvessa
D:7:      minmay_the_grid_octo_tiled_squarecenter
          [minmay_the_grid_octo_concentric, minmay_the_grid_octo_empty,
          minmay_the_grid_octo_checkerflower,
          minmay_the_grid_octo_vomiting_pacman,
          minmay_the_grid_square_5x5_megaprize_crossed,
          minmay_the_grid_square_5x5_fat_x, minmay_the_grid_square_5x5_percent,
          minmay_the_grid_square_5x5_half_checkered,
          minmay_the_grid_square_5x5_bite], layout_basic
D:8:      layout_basic, grunt_ogre_cave, lightli_minifort, uniq_pikel,
          uniq_gastronok
D:9:      cheibrodos_helix_gallery, layout_stronghold, uniq_maurice
D:10:     layout_gridville, erik_lair_orcish_takeover, david_orc_3,
          gammafunk_ghost_spectres
D:11:     layout_roguey, serial_curves, eino_curves_03, eino_curves_04,
          uniq_urug
D:12:     minmay_bubble_buster, layout_loops_ring, hangedman_feature_mirror
D:13:     layout_loops_ring, david_vaults_2, special_room [special_room_bee],
          uniq_josephine

Skill      XL: |  1  2  3  4  5  6  7  8  9 10 11 |
---------------+----------------------------------+-----
Armour         | 4 5 6 7 9 10 11 | 11.6
Fighting       | 4 5 6 7 8 10 | 10.5
Long Blades    | 3 4 5 7 9 11 13 | 13.4
Shields        | 4 5 6 7 8 10 11 | 11.9
Dodging        | 1 2 3 |  3.3
Short Blades   | 1 3 |  3.5
Stealth        | 1 |  1.4

Action                   |  1- 3 |  4- 6 |  7- 9 | 10-12 || total
-------------------------+-------+-------+-------+-------++-------
Melee: Long sword        |    78 |    51 |   270 |   817 ||  1216
       Headbutt          |    11 |    30 |    79 |   144 ||   264
       Dagger            |       |    78 |    92 |    11 ||   181
       Unarmed           |       |       |       |     4 ||     4
Invok: Lunge             |     1 |     9 |    18 |    38 ||    66
       Whirlwind         |       |       |     9 |    30 ||    39
       Heavenly Storm    |       |       |       |     1 ||     1
  Use: Scroll            |     9 |     1 |    13 |    13 ||    36
       Potion            |     4 |     3 |     4 |     9 ||    20
 Stab: Distracted        |       |       |       |     1 ||     1
       Confused          |       |       |       |     2 ||     2
  Eat: Chunk             |     1 |     2 |     6 |    18 ||    27
       Ration            |       |       |     2 |     2 ||     4
Armor: Scale mail        |    45 |    39 |    31 |    42 ||   157
       Plate armour      |       |       |   138 |   235 ||   373
Dodge: Dodged            |    27 |    30 |    71 |   163 ||   291
Block: Shield            |    45 |    65 |   207 |   480 ||   797
       Rpst.: Long sword |     8 |     5 |    17 |    32 ||    62

Table legend:
 A = Non-vault XP
 B = Vault XP
 C = Vault XP percentage of total XP
 D = Non-vault monster count
 E = Vault monster count
 F = Vault count percentage of total count
                 A         B        C        D         E       F
            +---------+---------+-------+---------+---------+-------
      Total |   16972 |    7658 |  31.1 |     221 |      75 |  25.3
            +---------+---------+-------+---------+---------+-------
        D:1 |      30 |       0 |   0.0 |      16 |       0 |   0.0
        D:2 |      59 |       0 |   0.0 |      20 |       0 |   0.0
        D:3 |     109 |      37 |  25.3 |      22 |       1 |   4.3
        D:4 |     274 |       0 |   0.0 |      11 |       0 |   0.0
        D:5 |     513 |       0 |   0.0 |      10 |       0 |   0.0
        D:7 |     937 |    1640 |  63.6 |      20 |      22 |  52.4
        D:8 |    2524 |    3272 |  56.5 |      27 |       8 |  22.9
        D:9 |    3678 |     305 |   7.7 |      41 |       5 |  10.9
       D:10 |     414 |     561 |  57.5 |       9 |       8 |  47.1
       D:11 |    5918 |     839 |  12.4 |      32 |       1 |   3.0
       D:12 |    2516 |     161 |   6.0 |      13 |       3 |  18.8
    Ossuary |       0 |     843 | 100.0 |       0 |      27 | 100.0
            +---------+---------+-------+---------+---------+-------
